 Dungeon Crawl Stone Soup version 0.26-a0-812-g31a745ddcd (webtiles) character file.

Game seed: 13518373656914228314

170702 graki42 the Eclecticist (level 17, -9/105 HPs)
             Began as a Deep Elf Conjurer on Nov 20, 2020.
             Was a High Priest of Vehumet.
             Mangled by a spriggan berserker
             ... wielding the +3 war axe of the Pits of Slime {antimagic, *Corrode rN+++ MP+9 Dex-2}
              (25 damage)
             ... on level 4 of the Swamp.
             The game lasted 03:02:58 (40257 turns).

graki42 the Eclecticist (Deep Elf Conjurer)        Turns: 40257, Time: 03:02:59

Health: -9/105     AC: 22    Str: 12    XL:     17   Next: 12%
Magic:  2/42       EV: 11    Int: 30    God:    Vehumet [*****.]
Gold:   1817       SH: 10    Dex: 13    Spells: 26/55 levels left

rFire    + + .     SeeInvis +   G - staff of air
rCold    + . .     Faith    .   c - +0 buckler
rNeg     . . .     Spirit   .   j - +0 swamp dragon scales
rPois    +         Reflect  +   X - +0 helmet of Creativity {rF+ MR+}
rElec    +         Harm     .   K - scarf {rC+ rF+}
rCorr    .         Rampage  .   U - +2 pair of gloves {Str+3}
MR       ++...                  h - +0 pair of boots
Stlth    ++........             H - amulet of reflection
HPRegen  0.27/turn              W - ring "Awydduadd" {AC+4 Int+4 SInv}
MPRegen  0.28/turn              Q - +4 ring of protection

@: hasted, very quick
A: no striking features
}: 1/15 runes: decaying
a: Renounce Religion


You were on level 4 of the Swamp.
You worshipped Vehumet.
Vehumet was extremely pleased with you.
You visited 6 branches of the dungeon, and saw 26 of its levels.
You also visited: Sewer, Ossuary and Ice Cave.

You collected 2570 gold pieces.
You spent 753 gold pieces at shops.

Inventory:

Hand Weapons
 I - the +6 halberd "Demon's Foe" {vorpal, +Rage rN++ Int+2 Stlth-}
   (You found it in an ice cave)

   It inflicts extra damage upon your enemies.
   It affects your intelligence (+2).
   It greatly protects you from negative energy.
   It lets you go berserk.
   It makes you less stealthy.
Armour
 c - a +0 buckler (worn)
 h - a +0 pair of boots (worn)
 j - +0 swamp dragon scales (worn)
 v - a +2 cloak of magic resistance
 K - a scarf of resistance (worn)
 M - a +1 robe of positive energy
 R - a +2 robe of cold resistance
 U - a +2 pair of gloves of strength (worn)
 X - the +0 helmet of Creativity (worn) {rF+ MR+}
   (You acquired it on level 4 of the Swamp)

   It protects you from fire.
   It affects your resistance to hostile enchantments.
Magical Staves
 G - an uncursed staff of air (weapon)
 T - an uncursed staff of conjuration
Jewellery
 a - an uncursed ring of fire
 i - an uncursed ring of stealth
 r - an uncursed ring of fire
 w - an uncursed ring of protection from cold
 x - an uncursed ring of resist corrosion
 A - an uncursed ring of wizardry
 B - an uncursed ring of ice
 H - an amulet of reflection (around neck)
 N - an uncursed ring of poison resistance
 Q - a +4 ring of protection (right hand)
 W - the ring "Awydduadd" (left hand) {AC+4 Int+4 SInv}
   (You found it on level 5 of the Lair of Beasts)

   [ring of protection]

   It affects your AC (+4).
   It affects your intelligence (+4).
   It lets you see invisible.
Wands
 s - a wand of flame (43)
 F - a wand of digging (14)
 J - a wand of enslavement (8)
 P - a wand of iceblast (18)
 V - a wand of paralysis (11)
Scrolls
 b - 2 scrolls of fog
 d - 7 scrolls of teleportation
 f - 8 scrolls of immolation
 l - a scroll of holy word
 n - 3 scrolls of identify
 q - 4 scrolls of fear
 y - a scroll of enchant armour
 O - a scroll of magic mapping
 S - 5 scrolls of remove curse
Potions
 e - a potion of ambrosia
 g - 15 potions of curing
 k - 5 potions of haste
 m - 5 potions of heal wounds
 o - 7 potions of flight
 p - 3 potions of invisibility
 t - a potion of resistance
 z - a potion of magic
 D - 2 potions of brilliance
 E - 4 potions of lignification


   Skills:
 + Level 11.6 Fighting
 + Level 5.1 Armour
 - Level 3.0 Dodging
 - Level 3.0 Stealth
 - Level 4.0 Shields
 + Level 19.6 Spellcasting
 + Level 17.3 Conjurations
 - Level 10.0 Hexes
 - Level 8.0 Translocations
 + Level 12.1 Earth Magic


You had 26 spell levels left.
You knew the following spells:

 Your Spells              Type           Power        Failure   Level
a - Magic Dart            Conj           ####         0%          1
b - Searing Ray           Conj           ######       0%          2
c - Fulminant Prism       Conj/Hex       #######...   1%          4
d - Iskenderun's Mystic   Conj/Tloc      #######.     1%          4
e - Orb of Destruction    Conj           #######...   1%          7
f - Iron Shot             Conj/Erth      #######...   1%          6
g - Iskenderun's Battles  Conj           #######.     1%          5

Your spell library contained the following spells:

 Spells                   Type           Power        Failure   Level
 Chain Lightning          Conj/Air       #######...   75%         8
 Freeze                   Ice            ####         1%          1
 Shock                    Conj/Air       ####         1%          1
 Blink                    Tloc           N/A          1%          2
 Ensorcelled Hibernation  Hex/Ice        ######       1%          2
 Slow                     Hex            ######..     1%          2
 Conjure Flame            Conj/Fire      ######..     1%          3
 Dazzling Flash           Conj/Hex       ######       1%          3
 Mephitic Cloud           Conj/Pois/Air  #######.     1%          3
 Static Discharge         Conj/Air       #######.     1%          3
 Bolt of Magma            Conj/Fire/Erth ######....   1%          5
 Lightning Bolt           Conj/Air       #######...   1%          5
 Beastly Appendage        Tmut           ####..       2%          1
 Sting                    Tmut/Pois      ####         2%          1
 Ignite Poison            Fire/Tmut/Pois ####....     2%          3
 Conjure Ball Lightning   Conj/Air       #######...   3%          6
 Call Imp                 Summ           ####....     4%          2
 Corpse Rot               Necr/Air       N/A          4%          2
 Poisonous Vapours        Pois/Air       #####.       4%          2
 Sublimation of Blood     Necr           ####......   4%          2
 Swiftness                Air            #####...     4%          2
 Wereblood                Tmut           ####....     4%          2
 Borgnjor's Vile Clutch   Necr/Erth      ######....   6%          5
 Airstrike                Air            #####.....   7%          4
 Olgreb's Toxic Radiance  Pois           ####....     7%          4
 Ozocubu's Armour         Ice            ####....     9%          3
 Spider Form              Tmut/Pois      ####......   9%          3
 Metabolic Englaciation   Hex/Ice        ######....   10%         5
 Silence                  Hex/Air        ######....   10%         5
 Spellforged Servitor     Conj/Summ      ######....   17%         7
 Animate Dead             Necr           ####......   26%         4
 Dispel Undead            Necr           ####....     26%         4
 Ice Form                 Ice/Tmut       ####....     26%         4
 Summon Ice Beast         Ice/Summ       ####....     26%         4
 Summon Lightning Spire   Summ/Air       #####...     26%         4
 Agony                    Necr           ####....     58%         5
 Blade Hands              Tmut           ####......   58%         5
 Excruciating Wounds      Necr           ####......   58%         5
 Death Channel            Necr           ####......   99%         6
 Shadow Creatures         Summ           N/A          99%         6
 Simulacrum               Ice/Necr       ####......   99%         6
 Tornado                  Air            #####.....   100%        9


Dungeon Overview and Level Annotations

Branches:
Dungeon (12/15)            Temple (1/1) D:5            Lair (6/6) D:9
  Swamp (4/4) Lair:3       Shoals (1/4) Lair:3        Slime (0/5) Lair:5
    Orc (2/2) D:9             Elf (0/3) Orc:2         Sewer (visited)
Ossuary (visited)           IceCv (visited)

Altars:
Ashenzari
Cheibriados
Dithmenos
Elyvilon
Fedhas
Gozag
Hepliaklqana
Kikubaaqudgha
Makhleb
Nemelex Xobeh
Okawaru
Qazlal
Ru
Sif Muna
Trog
Uskayaw
Vehumet
Wu Jian
Xom
Yredelemnul
Zin
The Shining One
Beogh
Jiyva

Shops:
D:7 (   D:10 :   Orc:1 *   Orc:2 ?=*[(

Portals:
Abyss: Lair:6

Annotations:
Lair:5 1 runed translucent door
Lair:6 2 transporters, feelmyfire's ghost, journeyman DsAK
Swamp:4 p0werm0de's ghost, journeyman DDFi
Shoals:1 Donald


Message History

As you read the scroll of blinking, it crumbles to dust.
You hear a shout!
You hear a shout!
The spriggan berserker rages.
Casting: Iron Shot (mildly dangerous; 1% risk of failure)
Confirm with . or Enter, or press ? or * to list all spells.
Okay, then.
Evoke which item? (* to show all) (? for menu, Esc to quit)
Okay, then.
The spriggan berserker rages.
As you read the scroll of fear, it crumbles to dust.
You assume a fearsome visage.
The spriggan berserker resists with almost no effort.
The spriggan berserker hits you but does no damage.
Unknown command.
The spriggan berserker rages.
As you read the scroll of summoning, it crumbles to dust.
Wisps of shadow whirl around you...
The spriggan berserker hits you with the +3 war axe of the Pits of Slime {antimagic, *Corrode rN+++ MP+9 Dex-2}!!
You die...

♣...♣§≈≈♣ ♣≈.≈≈§≈≈≈≈.♣ ♣♣.
♣♣♣ ♣♣≈.)♣♣..♣ ♣≈.≈≈≈≈≈≈≈.♣
♣♣ ♣♣≈♣♣♣.≈≈.≈≈.≈♣
♣♣...≈§§.♣.♣
♣≈.≈.♣....(.≈♣♣♣♣≈..♣...♣♣♣♣
♣ ♣♣....≈......♣ ♣.≈≈.♣♣≈≈♣
♣♣ ♣♣♣.♣...©...♣♣♣.≈≈≈♣♣♣♣♣
♣♣≈ ♣♣...#####...≈....♣♣♣♣♣♣
♣♣.≈
♣..###.©.###...≈≈≈..≈≈.♣
♣≈.≈ ♣♣.##
#.....##@.n≈≈..≈≈≈♣ ♣.≈≈
♣..####....###i..≈§.....♣
♣♣≈≈≈
♣.##.#≈#W###.##D♣.....≈♣♣
♣.≈†≈
♣♣.#.###...§#.*#.♣♣...≈≈≈♣
♣♣≈≈≈
♣♣≈.#....(_.##..#.♣≈.....≈♣
♣≈.≈≈
♣...#...#§......#.♣♣..♣.≈♣♣
♣♣..≈
♣♣..##..#§.)...##.♣♣♣♣.♣♣♣
♣...
♣≈...#..###)).)#..♣♣♣.^≈♣
♣♣.≈
♣....###.))...##...♣♣..♣♣
♣♣≈


You could see a spriggan berserker (berserk, regenerating, resisting magic), a
friendly six-headed hydra (summoned) and a friendly bog body (summoned).

Vanquished Creatures
  Mara (Swamp:3)
  2 thorn hunters (Swamp:4)
  A frost giant (IceCv)
  Aizul (Swamp:4)
  A stone giant (Orc:2)
  Nessos (Lair:5)
  2 bunyips (Swamp:4)
  3 eleionomae
  2 merfolk impalers (Shoals:1)
  An ettin (Orc:2)
  Fannar (D:11)
  A shambling mangrove (Swamp:4)
  Josephine (Lair:4)
  2 ice dragons
  29 hydras
  3 catoblepae (Lair:6)
  A boulder beetle (D:11)
  2 ghost crabs
  14 alligators
  A centaur warrior (D:12)
  7 death yaks
  14 two-headed ogres
  4 ogre magi (Orc:2)
  Urug (D:11)
  A spriggan berserker (Swamp:4)
  Sonja (D:12)
  5 goliath frogs
  Nergalle (Lair:1)
  A sea snake (Shoals:1)
  2 spriggan druids (Swamp:3)
  An unseen horror (D:11)
  4 bog bodies
  14 swamp dragons
  2 wizards (D:12)
  4 harpies (Shoals:1)
  A cyclops (D:12)
  An orc knight (D:12)
  An ugly thing (D:11)
  2 orc sorcerers (Orc:1)
  5 will-o-the-wisps
  The ghost of Verendum the Insei, a novice OpTm (D:6)
  2 moths of wrath (Swamp:4)
  Maurice (Orc:1)
  6 elephants (Lair:5)
  5 manticores
  3 black mambas
  4 merfolk sirens
  A water nymph (Shoals:1)
  16 cane toads
  An ice statue (IceCv)
  Maggie (Lair:1)
  A rime drake (Lair:4)
  6 komodo dragons
  4 trolls
  2 bloated husks
  A merfolk (Lair:3)
  7 tyrant leeches
  10 hornets
  20 polar bears
  3 wind drakes (Shoals:1)
  Grinder (D:5)
  4 blink frogs (Lair:6)
  Sigmund (D:3)
  2 snapping turtles (Shoals:1)
  62 yaks
  4 wraiths (Lair:4)
  6 wyverns
  15 spriggans
  2 humans (D:8)
  A water elemental (Shoals:1)
  A basilisk (Lair:5)
  12 vampire mosquitoes
  2 wargs
  A soldier ant (D:10)
  14 swamp worms
  24 water moccasins
  12 orc warriors
  3 ice beasts
  9 swamp drakes (Swamp:4)
  Purgy (Sewer)
  5 black bears
  3 phantoms
  28 ogres
  44 wolves
  4 centaurs
  25 bullfrogs
  3 big kobolds
  A gnoll sergeant (D:8)
  A wyvern zombie (D:12)
  A wyvern skeleton (D:10)
  A water moccasin skeleton (D:6)
  7 scorpions
  23 killer bees
  14 wights
  5 howler monkeys
  A spectral bullfrog (D:6)
  3 bullfrog zombies (D:6)
  6 centaur zombies
  11 orc priests
  3 jellies
  A gnoll shaman (D:4)
  8 bullfrog skeletons
  7 hounds
  A human zombie (Ossuary)
  19 orc wizards
  5 iguanas
  Ijyb (D:3)
  6 worker ants
  5 hell rats (Lair:3)
  A killer bee zombie (D:6)
  A hound skeleton (D:6)
  4 mummies (Ossuary)
  4 worker ant zombies
  2 howler monkey zombies (D:6)
  Robin (D:3)
  11 adders
  10 gnolls
  A river rat (D:6)
  5 shadow imps
  2 white imps
  2 worker ant simulacra (D:6)
  4 ufetubi
  2 oozes
  An adder skeleton (D:6)
  5 adder zombies
  2 worms
  4 dart slugs
  4 leopard geckos
  69 orcs
  2 ball pythons (D:6)
  6 giant cockroaches
  A gnoll zombie (Ossuary)
  9 hobgoblins
  7 jackals
  2 quokkas
  11 bats
  7 frilled lizards
  13 goblins
  A goblin zombie (D:7)
  A hobgoblin zombie (Ossuary)
  2 jackal zombies
  19 kobolds
  A leopard gecko zombie (D:6)
  2 orc zombies (Ossuary)
  A quokka skeleton (D:6)
  A quokka zombie (D:6)
  14 rats
  2 fulminant prisms
893 creatures vanquished.

Vanquished Creatures (collateral kills)
  A spriggan (Swamp:4)
  A hornet (Swamp:4)
2 creatures vanquished.

Vanquished Creatures (others)
  4 polar bears
  2 wolves (IceCv)
  A bush (Lair:6)
  8 foxfires
  257 fulminant prisms
  99 fungi
  112 plants
  4 withered plants (D:6)
487 creatures vanquished.

Grand Total: 1382 creatures vanquished

Notes
Turn   | Place    | Note
-------+----------+-------------------------------------------
     0 | D:1      | graki42 the Deep Elf Conjurer began the quest for the Orb.
     0 | D:1      | Reached XP level 1. HP: 10/10 MP: 6/6
   213 | D:1      | Reached XP level 2. HP: 15/15 MP: 1/8
   217 | D:1      | Learned a level 2 spell: Searing Ray
  1002 | D:2      | Reached XP level 3. HP: 19/19 MP: 8/10
  1525 | D:2      | Reached skill level 4 in Spellcasting
  1581 | D:2      | Reached skill level 5 in Conjurations
  1737 | D:3      | Reached XP level 4. HP: 24/24 MP: 8/12
  1744 | D:3      | Learned a level 4 spell: Fulminant Prism
  1749 | D:3      | Learned a level 4 spell: Iskenderun's Mystic Blast
  1963 | D:3      | Noticed an ogre
  1969 | D:3      | Killed an ogre
  1969 | D:3      | Reached skill level 5 in Spellcasting
  1969 | D:3      | Reached XP level 5. HP: 28/28 MP: 3/14
  2004 | D:3      | Noticed Robin
  2006 | D:3      | Killed Robin
  2135 | D:3      | Found a sparkling altar of Nemelex Xobeh.
  2271 | D:3      | Noticed Ijyb
  2279 | D:3      | Killed Ijyb
  2307 | D:3      | Noticed Sigmund
  2462 | D:3      | Killed Sigmund
  2462 | D:3      | Reached skill level 6 in Spellcasting
  2462 | D:3      | Reached XP level 6. HP: 32/32 MP: 5/17
  2641 | D:3      | Found a faded altar of an unknown god.
  2903 | D:4      | Reached skill level 7 in Spellcasting
  3161 | D:4      | Reached XP level 7. HP: 36/36 MP: 16/20
  3383 | D:4      | Reached skill level 8 in Spellcasting
  3385 | D:4      | Reached skill level 1 in Hexes
  3386 | D:4      | Reached skill level 1 in Translocations
  4387 | D:5      | Entered Level 5 of the Dungeon
  4437 | D:5      | Got an encrusted leather armour
  4448 | D:5      | Identified the cursed +1 leather armour "Durgh" {rC- Dex+3
                  | Stlth+} (You found it on level 5 of the Dungeon)
  4460 | D:5      | Found a staircase to the Ecumenical Temple.
  4467 | Temple   | Entered the Ecumenical Temple
  4743 | Temple   | Became a worshipper of Vehumet
  4762 | D:5      | Found an opulent altar of Gozag.
  4834 | D:5      | Reached XP level 8. HP: 41/41 MP: 18/22
  5148 | D:5      | Noticed Grinder
  5154 | D:5      | Killed Grinder
  5770 | D:6      | Reached skill level 9 in Spellcasting
  5798 | D:6      | Reached * piety under Vehumet
  5798 | D:6      | Offered knowledge of Foxfire by Vehumet.
  5802 | D:6      | Found a glowing drain.
  5826 | Sewer    | Entered a sewer
  5990 | Sewer    | Noticed Purgy
  5995 | Sewer    | Killed Purgy
  6746 | D:6      | Reached ** piety under Vehumet
  6746 | D:6      | Offered knowledge of Freeze by Vehumet.
  6820 | D:6      | Reached skill level 5 in Hexes
  6911 | D:6      | Found a runed translucent gate.
  6916 | D:6      | Found a runed translucent gate.
  6916 | D:6      | Found a runed translucent gate.
  6918 | D:6      | Noticed Verendum's ghost (novice OpTm)
  6933 | D:6      | Reached XP level 9. HP: 35/45 MP: 19/24
  7005 | D:6      | Killed Verendum's ghost
  7005 | D:6      | Reached skill level 10 in Spellcasting
  7461 | D:7      | Reached skill level 5 in Translocations
  7531 | D:7      | Found a sand-covered staircase.
  7597 | Ossuary  | Entered an ossuary
  7713 | Ossuary  | Offered knowledge of Mephitic Cloud by Vehumet.
  7931 | D:7      | Found a shadowy altar of Dithmenos.
  8123 | D:7      | Reached *** piety under Vehumet
  8165 | D:7      | Found Qovel's Weapon Boutique.
  8871 | D:8      | Offered knowledge of Hailstorm by Vehumet.
  8904 | D:8      | Found an iron altar of Okawaru.
  9037 | D:8      | Reached skill level 10 in Conjurations
  9037 | D:8      | Reached XP level 10. HP: 46/50 MP: 6/26
  9123 | D:8      | Reached skill level 11 in Spellcasting
  9385 | D:8      | Reached **** piety under Vehumet
  9503 | D:8      | Found a glowing golden altar of the Shining One.
  9687 | D:8      | Found a shimmering blue altar of Sif Muna.
  9689 | D:8      | Found a shimmering altar of Xom.
  9700 | D:8      | Offered knowledge of Inner Flame by Vehumet.
 10518 | D:9      | Found an ancient bone altar of Kikubaaqudgha.
 10550 | D:9      | Found a shimmering altar of Xom.
 10550 | D:9      | Found a hide-covered altar of Uskayaw.
 10565 | D:9      | Found a white marble altar of Elyvilon.
 10681 | D:9      | Found a staircase to the Orcish Mines.
 10810 | D:9      | Found a staircase to the Lair.
 11282 | D:10     | Entered Level 10 of the Dungeon
 11285 | D:10     | Reached ***** piety under Vehumet
 11285 | D:10     | Offered knowledge of Conjure Ball Lightning by Vehumet.
 11543 | D:10     | Reached skill level 1 in Fighting
 11543 | D:10     | Reached skill level 12 in Spellcasting
 11685 | D:10     | Found Jiblop's Book Shoppe.
 12699 | D:11     | Noticed a manticore
 12703 | D:11     | Noticed a boulder beetle
 12703 | D:11     | Killed a manticore
 12703 | D:11     | Reached XP level 11. HP: 49/56 MP: 21/29
 13213 | D:11     | Noticed a cyan ugly thing
 13317 | D:11     | Reached skill level 10 in Hexes
 13443 | D:11     | Noticed Fannar
 13460 | D:11     | Killed Fannar
 13461 | D:11     | Killed a cyan ugly thing
 13462 | D:11     | Noticed Urug
 13690 | D:11     | Killed Urug
 14100 | D:11     | Killed an unseen horror
 14130 | D:11     | Killed a boulder beetle
 14130 | D:11     | Reached skill level 13 in Spellcasting
 14430 | D:12     | Noticed a centaur warrior
 14437 | D:12     | Noticed a two-headed ogre
 14438 | D:12     | Noticed a six-headed hydra
 14732 | D:11     | Killed a two-headed ogre
 14956 | D:12     | Noticed an orc knight
 14967 | D:12     | Killed an orc knight
 15182 | Lair:1   | Entered Level 1 of the Lair of Beasts
 15704 | Lair:1   | Noticed Maggie
 15714 | Lair:1   | Killed Maggie
 15714 | Lair:1   | Reached XP level 12. HP: 65/68 MP: 11/31
 16077 | Lair:1   | Noticed Nergalle
 16083 | Lair:1   | Killed Nergalle
 16083 | Lair:1   | Reached skill level 5 in Fighting
 16355 | Lair:2   | Reached skill level 14 in Spellcasting
 16724 | Lair:2   | Noticed a six-headed hydra
 16737 | Lair:2   | Killed a six-headed hydra
 16744 | Lair:2   | Offered knowledge of Spellforged Servitor by Vehumet.
 17965 | Lair:3   | Reached skill level 15 in Spellcasting
 18157 | Lair:3   | Found a staircase to the Shoals.
 18426 | Lair:3   | Found a staircase to the Swamp.
 18605 | Lair:3   | Learned a level 6 spell: Iron Shot
 18611 | Lair:3   | Learned a level 5 spell: Iskenderun's Battlesphere
 18936 | Lair:4   | Reached skill level 1 in Earth Magic
 18963 | Lair:4   | Noticed Josephine
 18975 | Lair:4   | Killed Josephine
 19302 | Lair:4   | Reached XP level 13. HP: 76/76 MP: 30/34
 20288 | Lair:5   | Offered knowledge of Lightning Bolt by Vehumet.
 20288 | Lair:5   | Noticed Nessos
 20403 | Lair:5   | Found a runed translucent door.
 20403 | Lair:5   | Found a viscous altar of Jiyva.
 20403 | Lair:5   | Found a staircase to the Slime Pits.
 20403 | Lair:5   | Noticed an azure jelly
 20403 | Lair:5   | Noticed an azure jelly
 21986 | D:12     | Noticed Sonja
 22459 | D:12     | Killed Sonja
 22623 | D:12     | Reached skill level 16 in Spellcasting
 22733 | D:12     | Noticed a deep elf annihilator
 22907 | Lair:5   | Got a shimmering marble ring
 22911 | Lair:5   | Identified the ring "Awydduadd" {AC+4 Int+4 SInv} (You
                  | found it on level 5 of the Lair of Beasts)
 23456 | Lair:5   | Reached skill level 5 in Earth Magic
 23463 | Lair:5   | Killed Nessos
 24102 | Lair:5   | Reached skill level 1 in Shields
 24593 | Lair:6   | Entered Level 6 of the Lair of Beasts
 24625 | Lair:6   | Identified the cursed +0 trident "Sefettel" {distort, rPois
                  | rN+ MR+ Dex+4}
 25328 | Lair:6   | Reached XP level 14. HP: 84/84 MP: 24/36
 25426 | Lair:6   | Learned a level 7 spell: Orb of Destruction
 25595 | Lair:6   | Found a transporter.
 26053 | Lair:6   | Offered knowledge of Freezing Cloud by Vehumet.
 26208 | Lair:6   | Found a transporter.
 26209 | Lair:6   | Found a one-way gate to the infinite horrors of the Abyss.
 26209 | Lair:6   | Noticed feelmyfire's ghost (journeyman DsAK)
 26705 | Lair:6   | Reached skill level 15 in Conjurations
 26714 | Lair:6   | Reached skill level 17 in Spellcasting
 27299 | Orc:1    | Entered Level 1 of the Orcish Mines
 27342 | Orc:1    | Found Aduasibb's General Store.
 27342 | Orc:1    | Noticed Maurice
 27350 | Orc:1    | Killed Maurice
 27389 | Orc:1    | Found a frozen archway.
 27606 | IceCv    | Entered an ice cave
 28452 | IceCv    | Noticed a frost giant
 28462 | IceCv    | Killed a frost giant
 28464 | IceCv    | Offered knowledge of Ozocubu's Refrigeration by Vehumet.
 28590 | IceCv    | Identified the Papyrus of the Frostbite
 28603 | IceCv    | Got an ancient halberd
 28604 | IceCv    | Identified the +6 halberd "Demon's Foe" {vorpal, +Rage rN++
                  | Int+2 Stlth-} (You found it in an ice cave)
 28945 | Orc:2    | Entered Level 2 of the Orcish Mines
 29021 | Orc:2    | Found a roughly hewn altar of Beogh.
 29075 | Orc:2    | Reached XP level 15. HP: 59/91 MP: 13/38
 29717 | Orc:2    | Reached skill level 10 in Fighting
 29789 | Orc:2    | Found Ethrien's Jewellery Shop.
 29789 | Orc:2    | Found Uggal's Armour Shoppe.
 29790 | Orc:2    | Found Qiorghe's Assorted Antiques.
 29790 | Orc:2    | Found Taibbin's Antique Weapon Boutique.
 29841 | Orc:2    | Found Ytalev's Magic Scroll Boutique.
 29890 | Orc:2    | Reached skill level 18 in Spellcasting
 29995 | Orc:2    | Found a staircase to the Elven Halls.
 30306 | Orc:2    | Bought a steaming dagger for 175 gold pieces
 30309 | Orc:2    | Bought a bloodstained mace for 256 gold pieces
 30311 | Orc:2    | Bought a +2 pair of gloves of strength for 322 gold pieces
 30322 | Orc:2    | Identified the cursed +1 dagger "Ecua" {flame, Stlth+} (You
                  | bought it in a shop on level 2 of the Orcish Mines)
 30324 | Orc:2    | Identified the +8 mace of Oozing Pus {flame, Int+4} (You
                  | bought it in a shop on level 2 of the Orcish Mines)
 30393 | Orc:1    | Found a roughly hewn altar of Beogh.
 30398 | Orc:1    | Paralysed by an orc sorcerer for 4 turns
 30705 | Swamp:1  | Entered Level 1 of the Swamp
 31000 | Swamp:1  | Offered knowledge of Yara's Violent Unravelling by Vehumet.
 31376 | Shoals:1 | Entered Level 1 of the Shoals
 32098 | Shoals:1 | Reached skill level 10 in Earth Magic
 32385 | Shoals:1 | Noticed Donald
 32901 | Swamp:1  | Reached skill level 1 in Armour
 34091 | Swamp:2  | Reached XP level 16. HP: 99/99 MP: 32/40
 35652 | Swamp:3  | Noticed Mara
 35658 | Swamp:3  | Noticed graki42's illusion
 36143 | Swamp:3  | Found an opulent altar of Gozag.
 36149 | Swamp:3  | Offered knowledge of Chain Lightning by Vehumet.
 36405 | Swamp:3  | Reached skill level 19 in Spellcasting
 36739 | Swamp:3  | Noticed graki42's illusion
 36741 | Swamp:3  | Killed Mara
 37079 | Swamp:4  | Entered Level 4 of the Swamp
 37274 | Swamp:4  | Noticed a thorn hunter
 37275 | Swamp:4  | Noticed Aizul
 37277 | Swamp:4  | Killed a thorn hunter
 37284 | Swamp:4  | Killed Aizul
 38193 | Swamp:4  | Noticed p0werm0de's ghost (journeyman DDFi)
 38205 | Swamp:4  | Identified the +9 trident of the Orb {antimagic, +Inv}
 38218 | Swamp:4  | Identified the +3 war axe of the Pits of Slime {antimagic,
                  | *Corrode rN+++ MP+9 Dex-2}
 38575 | Swamp:4  | Found a bloodstained altar of Trog.
 38582 | Swamp:4  | Found a transporter.
 38583 | Swamp:4  | Found a transporter.
 38756 | Swamp:4  | Noticed a thorn hunter
 38759 | Swamp:4  | Killed a thorn hunter
 39071 | Swamp:4  | Reached XP level 17. HP: 104/104 MP: 28/42
 39480 | Swamp:4  | Got a decaying rune of Zot
 39610 | Swamp:4  | Reached skill level 5 in Armour
 39747 | Swamp:4  | Identified a scroll of acquirement
 39748 | Swamp:4  | Acquired the +0 helmet of Creativity {rF+ MR+}
 40257 | Swamp:4  | Mangled by a spriggan berserker

Illustrated notes

Levels and vault maps discovered:
D:1:      lightli_arrival_windingriver, layout_basic, minivault_27
D:2:      layout_rooms
D:3:      layout_basic, nemelex_xobeh_ov_fountains_minmay,
          chequers_ecumenical_altar_simple_redux, item_on_display_a, uniq_ijyb,
          uniq_robin, uniq_sigmund
D:4:      layout_layer_cave
D:5:      minmay_angry_zag, layout_loops_cross, nicolae_gozag_seed_capital,
          minmay_temple_entry_trees, uniq_grinder
D:6:      layout_loops_ring, portal_sewer_entry_a, gammafunk_ghost_necromancy,
          serial_undead, serial_undead_e, serial_undead_b, serial_undead_b,
          serial_undead_e, serial_undead_d, serial_undead_b, serial_undead_a,
          serial_undead_f, serial_undead_b, serial_undead_a
D:7:      layout_basic, nicolae_dithmenos_the_darkroom, serial_shops, shop,
          enter_ossuary_3
D:8:      layout_loops_ring, okawaru_humans, old_standard_altar, st_stairs_11,
          hangedman_feature_mirror
D:9:      layout_loops_ring, grunt_temple_overflow_cloverleaf,
          due_lair_maze_entry_diamond
D:10:     layout_layer_cave, serial_shops, kennysheep_little_box
D:11:     layout_roguey, uniq_urug, uniq_fannar
D:12:     cheibrodos_wizards_tower, layout_cave_pools,
          hangedman_abyss_or_decor_stabs, uniq_sonja
Temple:   oiseaux_autumnal_temple
Lair:1:   layout_roguey, serial_bayou_pond_e, uniq_maggie, uniq_nergalle
Lair:2:   layout_gridlike, grunt_megastairs_4, infiniplex_staircase_pool,
          lemuel_fruit_tree
Lair:3:   layout_gridlike, skrybe_swamp_entry_bodies, elwin_shoals_entry_stream,
          beast_lair_carwin_11
Lair:4:   layout_cave_pods, grunt_megastairs_1, uniq_josephine
Lair:5:   layout_long_grid, slime_altar_2, grunt_forest_stairs_clearing,
          lemuel_fruit_fields, uniq_nessos
Lair:6:   evilmike_catoblepas_cave, layout_cave_pods,
          gammafunk_ghost_abyssal_escape
Swamp:1:  layout_falls_marsh, evilmike_swamp_ruin_house_4, st_swamp_ruins_3
Swamp:2:  layout_basic_swamp, hangedman_swamp_cone, swamp_pool2
Swamp:3:  layout_basic_swamp, evilmike_swamp_ruin_rubble_2, swamp_pool3,
          lemuel_altar_in_water, uniq_mara
Swamp:4:  swamp, layout_basic_swamp, gammafunk_ghost_wrathful_warriors,
          swamp_pool2, uniq_aizul
Shoals:1: layout_shoals, uniq_donald
Orc:1:    layout_caves, basic_altar, portal_ice_cave_entry_animals_and_master,
          serial_shops, nicolae_shop_window_shopping, uniq_maurice
Orc:2:    st_orc_ogre_mass, layout_diamond_mine, basic_altar, serial_shops, shop

Skill      XL: |  1  2  3  4  5  6  7  8  9 10 11 12 13 14 15 16 17 |
---------------+----------------------------------------------------+-----
Dodging        | 3 |  3.0
Stealth        | 3 |  3.0
Spellcasting   | 4 5 6 7 8 9 10 12 13 15 16 17 18 19 | 19.6
Conjurations   | 5 6 7 8 10 12 13 14 15 16 17 | 17.3
Hexes          | 2 5 7 9 10 | 10.0
Translocations | 1 4 6 8 |  8.0
Fighting       | 1 4 7 8 9 10 11 | 11.6
Earth Magic    | 2 6 8 10 11 12 | 12.1
Shields        | 1 4 |  4.0
Armour         | 1 4 5 |  5.1

Action                   |  1- 3 |  4- 6 |  7- 9 | 10-12 | 13-15 | 16-18 || total
-------------------------+-------+-------+-------+-------+-------+-------++-------
Melee: Unarmed           |     1 |       |     1 |       |       |       ||     2
       Dagger            |       |       |    35 |     8 |       |       ||    43
 Cast: Magic Dart        |    54 |    31 |    31 |    63 |   118 |    38 ||   335
       Searing Ray       |     7 |    17 |    98 |   131 |   112 |       ||   365
       Fulminant Prism   |       |     2 |     5 |   106 |   138 |    10 ||   261
       Iskenderun's Myst |       |       |     6 |    33 |   118 |    32 ||   189
       Iskenderun's Batt |       |       |       |       |    26 |    25 ||    51
       Iron Shot         |       |       |       |       |    85 |   129 ||   214
       Orb of Destructio |       |       |       |       |    17 |    23 ||    40
Evoke: Wand              |       |       |       |     6 |     2 |     2 ||    10
  Use: Scroll            |       |       |    19 |     9 |    10 |    11 ||    49
       Potion            |       |       |     1 |       |     2 |     4 ||     7
 Stab: Sleeping          |       |       |     9 |     2 |       |       ||    11
       Distracted        |       |       |       |     1 |       |       ||     1
Armor: Robe              |     3 |     1 |       |    25 |    59 |       ||    88
       Leather armour    |       |       |    26 |    19 |       |       ||    45
       Swamp dragon scal |       |       |       |       |     7 |    27 ||    34
Dodge: Dodged            |     3 |     3 |    69 |    77 |    99 |    35 ||   286
Block: Buckler           |       |       |       |       |     6 |    32 ||    38
       Reflection        |       |       |       |       |       |     1 ||     1

Table legend: (Time is in decaauts)
 A = Elapsed time spent in this place.
 B = Non-inter-level travel time spent in this place.
 C = Inter-level travel time spent in this place.
 D = Time resting spent in this place.
 E = Time spent auto-exploring this place.
 F = Levels seen in this place.
 G = Mean time per level.
                   A        B        C        D        E       F      G
               +--------+--------+--------+--------+--------+-----+--------+
         Total |  40606 |  38921 |   1685 |  14928 |  17924 |  29 | 1400.2 |
       Dungeon |  16505 |  15799 |    706 |   4516 |   9143 |  12 | 1375.4 |
        Temple |    300 |    251 |     49 |      0 |    249 |   1 |  300.0 |
          Lair |  11994 |  11179 |    815 |   5258 |   4527 |   6 | 1999.0 |
         Swamp |   7819 |   7764 |     55 |   3830 |   2743 |   4 | 1954.8 |
        Shoals |    140 |    140 |      0 |      2 |     30 |   1 |  140.0 |
  Orcish Mines |   2297 |   2239 |     58 |    764 |    915 |   2 | 1148.5 |
         Sewer |    275 |    275 |      0 |      0 |    212 |   1 |  275.0 |
       Ossuary |    253 |    253 |      0 |     53 |      0 |   1 |  253.0 |
      Ice Cave |   1020 |   1020 |      0 |    505 |    103 |   1 | 1020.0 |
               +--------+--------+--------+--------+--------+-----+--------+

Top non-repeatable levels by time:
    D:11: 3285 daAuts
  Lair:3: 3155 daAuts
  Lair:4: 2588 daAuts
 Swamp:3: 2378 daAuts
  Lair:6: 2190 daAuts
 Swamp:2: 2174 daAuts
    D:10: 2038 daAuts
 Swamp:4: 1859 daAuts
     D:4: 1601 daAuts
  Lair:1: 1408 daAuts
 Swamp:1: 1407 daAuts
     D:6: 1383 daAuts
  Lair:2: 1372 daAuts
     D:8: 1353 daAuts
  Lair:5: 1277 daAuts
